AoeStats
← [Massa] Edo

Arena

508466004Analyzed
2v2 RM · 8d ago on Sep 22, 2026· 44m 18s· 4 players
Game mode
Random Map
Map size
Medium (4 player)
Population
200
Speed
Normal
Resources
Standard
Victory
Conquest
Starting age
Dark Age
Ending age
Imperial Age
RankedLock teamsTeams togetherTeam positionsShared explorationLock speedFull tech treeHidden civsTurbo modeCheats
Victory
Defeat
🇨🇦 Byzantines · Canada
1460
+15
🇲🇽 Italians · Mexico
1460
+15
🇧🇷 Britons · Brazil
1446
-15
🇧🇷 Mapuche · Brazil
1442
-15
[Massa] Edo
11:02 Feudal Age
12:36 Double-Bit Axe
12:33 Horse Collar
15:15 Castle Age
13:48 Gold Mining
13:51 Stone Mining
14:10 Gold Mining
14:43 Fletching
16:32 Bow Saw
17:54 Loom
22:01 Bodkin Arrow
22:26 Padded Archer Armor
23:34 Ballistics
24:44 Leather Archer Armor
28:22 Yeomen
29:12 Gold Shaft Mining
33:15 Imperial Age
31:32 Scale Barding Armor
32:16 Wheelbarrow
32:21 Forging
33:57 Bracer
35:01 Chemistry
34:25 Conscription
35:11 Chain Barding Armor
35:25 Ring Archer Armor
36:06 Chain Barding Armor
35:29 Light Cavalry
37:53 Husbandry
38:29 Plate Barding Armor
38:29 Iron Casting
41:43 Blast Furnace
tg
6:39 Loom
8:49 Feudal Age
9:24 Double-Bit Axe
9:19 Horse Collar
11:40 Fletching
19:10 Gold Mining
19:57 Wheelbarrow
23:49 Castle Age
22:39 Scale Mail Armor
22:54 Champi Runner
24:57 Bow Saw
24:54 Bodkin Arrow
25:18 Chain Mail Armor
25:15 Champi Warrior
30:03 Arson
34:21 Heavy Plow
42:23 Hand Cart
41:32 Pikeman
43:30 Malon
43:40 Bodkin Arrow
Im the Cookie
10:48 Feudal Age
14:53 Castle Age
12:42 Double-Bit Axe
17:43 Fletching
17:53 Padded Archer Armor
20:45 Elite Skirmisher
23:12 Bodkin Arrow
24:41 Wheelbarrow
24:12 Gold Mining
25:48 Leather Archer Armor
26:31 Loom
27:26 Ballistics
27:19 Fortified Wall
30:10 Ballistics
34:42 Imperial Age
32:38 Stone Mining
33:05 Bow Saw
32:37 Horse Collar
33:44 Hand Cart
33:58 Heavy Plow
34:59 Masonry
35:29 Bracer
35:59 Ring Archer Armor
36:11 Town Watch
37:33 Two-Man Saw
36:49 Scale Mail Armor
37:00 Forging
38:08 Conscription
38:26 Stone Shaft Mining
38:23 Crop Rotation
38:26 Chain Mail Armor
39:21 Chemistry
38:51 Architecture
38:34 Squires
39:54 Iron Casting
40:37 Hoardings
40:38 Plate Mail Armor
40:26 Arson
42:27 Blast Furnace
43:57 Thumb Ring
Milkshakespeare
3:04 Loom
6:07 Loom
9:32 Feudal Age
9:58 Double-Bit Axe
10:17 Horse Collar
11:56 Fletching
22:23 Castle Age
20:24 Gold Mining
20:25 Stone Mining
23:15 Bow Saw
23:15 Bodkin Arrow
24:26 Guard Tower
26:54 Ballistics
28:54 Murder Holes
33:01 Crossbowman
36:16 Imperial Age
35:14 Heavy Plow
37:42 Keep
38:03 Wheelbarrow
37:49 Husbandry
37:15 Cavalier
39:17 Hand Cart
39:45 Scale Barding Armor
40:46 Chain Barding Armor
41:56 Forging
43:17 Plate Barding Armor
44:21 Chemistry
44:18 Iron Casting
44:02 Fortified Wall
Connection lost

Rejoining the realm…

Still unreachable

The connection could not be restored.

Session expired

The server has moved on; the page needs a fresh start.